 Dungeon Crawl Stone Soup version 0.22.1-2-g9c5b331383 (webtiles) character file.

55 Ihlosi the Ducker (level 4, -1/27 HPs)
             Began as a Kobold Gladiator on Dec 10, 2018.
             Slain by Grinder (4 damage)
             ... while paralysed by Grinder
             ... on level 2 of the Dungeon.
             The game lasted 00:03:09 (1789 turns).

Ihlosi the Ducker (Kobold Gladiator)                Turns: 1789, Time: 00:03:10

Health: -1/27      AC:  5    Str: 11    XL:     4   Next: 14%
Magic:  4/4        EV:  3    Int:  9    God:
Gold:   79         SH:  0    Dex: 17    Spells: 3/3 levels left

rFire    . . .     SeeInvis .   a - +0 long sword
rCold    . . .     Gourm    .   (shield restricted)
rNeg     . . .     Faith    .   b - +0 leather armour
rPois    .         Spirit   .   c - +0 helmet
rElec    .         Reflect  .   (no cloak)
rCorr    .         Harm     .   j - +0 pair of gloves
MR       .....                  (no boots)
Stlth    ++........             (no amulet)
HPRegen  0.09/turn              (no ring)
MPRegen  0.09/turn              (no ring)

@: paralysed
A: small, carnivore
a: no special abilities


You were on level 2 of the Dungeon.
You were very full.

You visited 1 branch of the dungeon, and saw 3 of its levels.

You collected 79 gold pieces.

Inventory:

Hand Weapons
 a - a +0 long sword (weapon)
Armour
 b - a +0 leather armour (worn)
 c - a +0 helmet (worn)
 j - a +0 pair of gloves (worn)
Jewellery
 k - an uncursed ring of poison resistance {unknown}
Scrolls
 e - a scroll of blinking {unknown}
 g - a scroll of identify {unknown}
 h - 3 scrolls of teleportation {unknown}
 n - a scroll of fear {unknown}
 o - a scroll of magic mapping {unknown}
 p - a scroll of remove curse {unknown}
Potions
 i - a potion of magic {unknown}
 l - a potion of degeneration {unknown}
 m - a potion of heal wounds {unknown}
 q - a potion of curing {unknown}
Comestibles
 f - 3 rations


   Skills:
 * Level 2.5 Fighting
 + Level 2.9 Long Blades
 - Level 2.1 Throwing
 * Level 0.7 Armour
 * Level 4.4 Dodging
 * Level 1.6 Stealth


You had 3 spell levels left.
You didn't know any spells.
Your spell library was empty.

Dungeon Overview and Level Annotations

Branches:
Dungeon (3/15)

Altars:
Cheibriados

Annotations:
D:2 Grinder
D:3 Jessica


Innate Abilities, Weirdness & Mutations

You are small and have problems with some larger weapons.
You are carnivorous and can eat meat at any time.


Message History

Grinder blinks!
Grinder grins, showing sharp teeth.
Grinder barely misses you.
You riposte.
You closely miss Grinder.
Grinder is heavily wounded.
You closely miss Grinder.
Grinder is heavily wounded.
Grinder says, "What is the universe for?"
Grinder barely misses you. Grinder gestures at you.
You suddenly lose the ability to move!
Grinder hits you.
You writhe in agony.
Grinder barely misses you. Grinder gestures at you.
Pain shoots through your body! Grinder hits you.
* * * LOW HITPOINT WARNING * * *
You writhe in agony.
* * * LOW HITPOINT WARNING * * *
Grinder hits you.
You die...

### #..
####################
#(..>...............
#......#############
#..@...# #########
####5### #........
#.# #.#######
#.#######.#...###
#.........+...+..
#########.#...###
####'#...# #
#........# #
#........# #


You could see Grinder.

Vanquished Creatures
  An adder (D:2)
  An ooze (D:1)
  2 worms (D:2)
  A dart slug (D:1)
  A leopard gecko (D:1)
  3 giant cockroaches
  6 hobgoblins
  5 kobolds
  A ball python (D:2)
  4 bats
  A frilled lizard (D:2)
  3 goblins
  3 rats
32 creatures vanquished.

Notes
Turn   | Place    | Note
-------+----------+-------------------------------------------
     0 | D:1      | Ihlosi the Kobold Gladiator began the quest for the Orb.
     0 | D:1      | Reached XP level 1. HP: 12/12 MP: 1/1
    47 | D:1      | Reached skill level 4 in Dodging
    47 | D:1      | Reached XP level 2. HP: 12/17 MP: 2/2
   229 | D:1      | Reached skill level 1 in Stealth
   334 | D:1      | Reached XP level 3. HP: 22/22 MP: 3/3
  1022 | D:2      | Reached XP level 4. HP: 21/27 MP: 4/4
  1235 | D:2      | Found a snail-covered altar of Cheibriados.
  1490 | D:3      | Noticed Jessica
  1763 | D:3      | Noticed Grinder
  1784 | D:2      | Paralysed by Grinder for 6 turns
  1789 | D:2      | Slain by Grinder

Skill      XL: |  1  2 |
---------------+-------+-----
Dodging        | 4 |  4.4
Stealth        | 1 |  1.6
Fighting       | |  2.5
Long Blades    | |  2.9
Throwing       | |  2.1
Armour         | |  0.7

Action                   |  1- 3 |  4- 6 || total
-------------------------+-------+-------++-------
Melee: Long sword        |    78 |    16 ||    94
Throw: Throwing net      |       |     5 ||     5
 Stab: Sleeping          |     4 |     4 ||     8
  Eat: Chunk             |     9 |     1 ||    10
Armor: Leather armour    |    22 |     3 ||    25
Dodge: Dodged            |    65 |    27 ||    92
       Rpst.: Long sword |    18 |     8 ||    26
